 Dungeon Crawl Stone Soup version 0.21.1-1-g345015fe64 (webtiles) character file.

18 FreshCat the Skirmisher (level 2, -7/24 HPs)
             Began as a Demonspawn Chaos Knight on Apr 22, 2018.
             Mangled by an ice beast (shapeshifter) (13 damage)
             ... on level 1 of the Dungeon.
             The game lasted 00:03:09 (533 turns).

FreshCat the Skirmisher (Demonspawn Chaos Knight)    Turns: 533, Time: 00:03:11

Health: -7/24      AC:  5    Str: 12    XL:     2   Next: 51%
Magic:  2/2        EV:  8    Int: 13    God:    Xom [..*...]
Gold:   14         SH:  7    Dex: 14    Spells: 1/1 levels left

rFire    . . .     SeeInvis .   a - +0 hand axe (chaos)
rCold    . . .     Gourm    .   h - +0 shield
rNeg     . . .     Faith    .   b - +2 leather armour
rPois    .         Spirit   .   (no helmet)
rElec    .         Reflect  .   (no cloak)
rCorr    .         Harm     .   (no gloves)
MR       .....                  (no boots)
Stlth    +++.......             (no amulet)
HPRegen  0.08/turn              e - ring of stealth
MPRegen  0.08/turn              (no ring)

@: no status effects
A: thin skeletal structure 1
a: Renounce Religion


You were on level 1 of the Dungeon.
You worshipped Xom.
You were a toy of Xom.
You were not hungry.

You visited 1 branch of the dungeon, and saw 2 of its levels.

You collected 14 gold pieces.

Inventory:

Hand Weapons
 a - a +0 hand axe of chaos (weapon)
Missiles
 i - 22 stones (quivered)
Armour
 b - a +2 leather armour (worn)
 h - a +0 shield (worn)
Jewellery
 e - a ring of stealth (left hand)
Potions
 d - a potion of curing
 j - a potion of heal wounds {unknown}
Comestibles
 c - a ration


   Skills:
 + Level 3.2 Fighting
 + Level 3.2 Axes
 + Level 0.2 Throwing
 + Level 1.7 Armour
 + Level 1.0 Dodging
 * Level 0.2 Shields


You had one spell level left.
You didn't know any spells.

Dungeon Overview and Level Annotations

Branches:
Dungeon (2/15)

Altars:


Innate Abilities, Weirdness & Mutations

You have a somewhat thin skeletal structure. (Dex +2, Stealth)


Message History

The bat hits you. The ice beast completely misses you.
You hit the ice beast.
You melt the ice beast.
The ice beast is lightly wounded.
You closely miss the bat. The bat hits you but does no damage.
The ice beast hits you. The ice beast freezes you!
Ouch! That really hurt!
* * * LOW HITPOINT WARNING * * *
You hit the ice beast but do no damage.
The ice beast is lightly wounded.
You block the bat's attack.
The ice beast hits you but does no damage.
You block the ice beast's attack.
You hit the ice beast.
You melt the ice beast.
The ice beast is lightly wounded.
You block the bat's attack. The bat barely misses you. The ice beast hits you.
* * * LOW HITPOINT WARNING * * *
The ice beast freezes you!
Ouch! That really hurt!
You die...
Xom giggles madly!

..##.......##.........#
..##.......##.........#
#####.................#
..###.................#
..##.....(..........###
..##................#
..##........(.(.....#
........####+.......#
...............Y@...#
.....#.........b....###
.......................#
.............###....##.#
....................# ..
....................#..#.
.......#...............#
...##..#..........##.#
#.. ###.............#


You could see an ice beast shaped shifter and a bat.

Vanquished Creatures
  2 leopard geckos (D:1)
  6 hobgoblins
  A ball python (D:1)
  A bat (D:1)
  2 frilled lizards (D:1)
  A goblin (D:1)
  3 kobolds (D:1)
  A rat (D:1)
17 creatures vanquished.

Notes
Turn   | Place    | Note
-------+----------+-------------------------------------------
     0 | D:1      | FreshCat the Demonspawn Chaos Knight began the quest for the Orb.
     0 | D:1      | Reached XP level 1. HP: 18/18 MP: 1/1
    31 | D:1      | XOM: divination: detect items
    37 | D:1      | Reached skill level 1 in Dodging
    65 | D:1      | XOM: harmless Tmut miscast
   211 | D:1      | Gained mutation: You have a somewhat thin skeletal structure. (Dex +2, Stealth) [demonic ancestry]
   211 | D:1      | Reached XP level 2. HP: 23/24 MP: 2/2
   254 | D:1      | Noticed an acid dragon
   254 | D:1      | an adder changed into an acid dragon
   261 | D:1      | Noticed a wolf
   261 | D:1      | an acid dragon changed into a wolf
   267 | D:1      | Noticed an ice beast
   267 | D:1      | a wolf changed into an ice beast
   277 | D:1      | XOM: potion effect (haste)
   526 | D:1      | XOM: silly message
   533 | D:1      | Mangled by an ice beast (shapeshifter)

Skill      XL: |  1 |
---------------+----+-----
Dodging        | 1 |  1.0
Axes           | 3 |  3.2
Fighting       | |  3.2
Throwing       | |  0.2
Armour         | |  1.7
Shields        | |  0.2

Action                   || total
-------------------------++-------
Melee: Hand axe          ||    51
Throw: Stone             ||     9
  Use: Potion            ||     2
       Scroll            ||     2
 Stab: Paralysed         ||     1
Armor: Leather armour    ||    44
Dodge: Dodged            ||    28
Block: Shield            ||    34
